Map: Hardwire LE

Players

HORSES

  • Race: Zerg Zerg

BillyCoen - Winner!

  • Race: Protoss Protoss

VOD

Have the link to the VOD?

Description

Time

  • Played on: Dec. 10, 2021, 4:49 a.m.
  • Length: 38:02
Show
View Real Time Build Order
Export as new Build Order

HORSES Zerg 

Build Orders: Hatch First 

Get SALT Encoding   

  12  0:15  Drone x2  
  14  0:42  Overlord  
  14  0:44  Overlord  
  14  0:45  Overlord  
  14  1:18  Drone x3  
  17  1:27  Extractor  
  16  1:35  Drone  
  17  1:48  Hatchery  
  16  2:11  Drone x2  
  18  2:30  Spawning Pool  
  18  2:33  Drone  
  18  2:45  Drone x2  
  20  3:07  Drone  
  20  3:10  Drone  
  20  3:11  Drone x2  
  24  3:19  Queen  
  26  3:45  Zergling x4  
  26  3:46  Zergling x2  
  29  3:53  Zergling x6  
  29  3:55  Queen  
  34  4:41  Drone x3  
  37  5:02  Drone x3  
  40  5:08  Zergling x4  
  42  5:25  Overlord  
  42  6:07  Zergling x6  
  45  6:28  Baneling Nest  
  45  6:30  Drone  
  45  6:31  Drone x2  
  47  6:40  Drone x3  
  50  6:52  Extractor  
  49  6:56  Metabolic Boost  
  49  7:10  Extractor  
  48  7:56  Zergling x8  
  52  8:01  Overlord  
  52  8:21  Lair  
  52  8:49  Spore Crawler  
  51  10:04  Hatchery  
  50  10:09  Spore Crawler  
  50  10:10  Centrifugal Hooks  
  49  10:22  Zergling x6  
  49  10:28  Overlord x3  
  52  10:31  Drone x2  
  54  11:40  Drone  
  55  11:49  Zergling x4  
  55  11:50  Zergling x2  
  58  12:02  Evolution Chamber  
  57  12:20  Roach Warren  
  56  12:24  Drone x3  
  59  12:42  Zerg Melee Weapons Level 1  
  59  13:20  Hatchery  
  59  13:25  Infestation Pit  
  57  13:44  Spine Crawler  
  56  13:50  Spine Crawler  
  56  13:55  Spore Crawler  
  54  13:56  Spore Crawler  
  53  14:11  Spore Crawler  
  52  14:37  Zerg Missile Weapons Level 1  
  52  14:38  Drone  
  53  14:52  Extractor  
  52  15:00  Hive  
  52  15:05  Lair  
  52  15:54  Swarm Host x3  
  61  16:03  Zergling x4  
  61  16:04  Zergling x2  
  64  16:08  Drone x3  
  67  16:24  Spire  
  66  16:30  Viper x2  
  66  16:31  Zerg Ground Armor Level 1  
  72  16:33  Viper  
  75  16:52  Adrenal Glands, Ultralisk Cavern  
  74  16:57  Glial Reconstitution  
  74  17:09  Drone x3  
  77  17:16  Roach x3  
  83  18:16  Tunneling Claws  
  83  18:24  Zerg Melee Weapons Level 2  
  83  18:35  Drone  
  84  18:43  Mutalisk x3  
  90  18:53  Roach x3  
  96  19:18  Overlord x3  
  96  19:22  Zerg Flyer Weapons Level 1  
  96  19:23  Chitinous Plating  
  96  19:25  Pathogen Glands  
  96  20:02  Mutalisk x3  
  102  20:13  Overlord x3  
  102  20:22  Neural Parasite  
  102  20:27  Drone x3  
  105  20:34  Mutalisk x2  
  109  20:40  Zerg Missile Weapons Level 2  
  109  20:42  Anabolic Synthesis  
  109  20:54  Mutalisk x2  
  113  20:59  Roach  
  113  21:00  Roach x2  
  119  21:16  Zerg Flyer Armor Level 1  
  118  22:56  Zerg Ground Armor Level 2  
  41  24:55  Mutalisk x3  
  47  25:01  Zergling x2  
  47  25:02  Zergling x4  
  50  25:11  Zergling x4  
  50  25:12  Zergling x2  
  53  25:32  Zerg Melee Weapons Level 3  
  53  25:37  Zerg Flyer Weapons Level 2  
  53  25:46  Zergling x6  
  53  25:48  Zergling x6  
  59  25:54  Zergling x6  
  62  26:52  Lair  
  62  27:19  Hatchery  
  61  27:53  Zerg Flyer Armor Level 2  
  60  28:09  Zerg Missile Weapons Level 3  
  47  28:42  Zergling x4  
  47  28:43  Zergling x2  
  50  28:52  Zergling x6  
  53  29:02  Zergling x6  
  56  29:14  Zergling x6  
  59  29:21  Zergling x6  
  62  30:01  Extractor  
  62  30:02  Extractor  
  60  30:10  Extractor  
  59  30:17  Extractor  
  58  30:38  Zerg Flyer Weapons Level 3  
  58  30:46  Mutalisk x3, Zerg Ground Armor Level 3  
  64  30:50  Mutalisk x3  
  64  30:55  Lair  
  64  30:56  Mutalisk x3  
  76  31:00  Drone x3  
  59  33:05  Zergling x6  
  62  33:07  Zergling x6  
  62  33:11  Zergling x6  
  62  33:15  Zerg Flyer Armor Level 3  
  54  33:20  Zergling x6  
  49  33:30  Zergling x6  
  41  34:04  Zergling x6  
  41  34:07  Zergling x6  
  41  34:08  Zergling x2  
  41  34:09  Zergling x4  
  47  34:11  Queen  
  47  34:14  Zergling x6  
  49  34:37  Roach x2  
  48  34:44  Ultralisk x2  
  60  34:50  Roach x3  
  60  35:00  Zergling x6  
  52  35:22  Ultralisk x3  
  57  35:47  Zergling x4  
  57  35:48  Zergling x2  
  60  35:51  Zergling x6  
  63  35:58  Queen  
  63  36:00  Queen  
  49  36:12  Zergling x6  
  52  36:28  Zergling x6  
  52  36:30  Zergling x2  
  52  36:31  Zergling x4  
  55  37:13  Hatchery  
Show
View Real Time Build Order
Export as new Build Order

BillyCoen Protoss - Winner!

Build Orders:  

Get SALT Encoding   

  12  0:18  Pylon  
  12  0:24  Pylon  
  12  0:43  Assimilator  
  12  0:50  Probe  
  13  1:02  Probe  
  14  1:12  Gateway  
  14  1:15  Probe  
  14  1:18  Forge  
  15  1:27  Probe  
  16  2:09  Photon Cannon  
  16  2:12  Photon Cannon  
  16  2:20  Pylon  
  16  2:49  Photon Cannon  
  16  2:55  Protoss Ground Weapons Level 1  
  16  3:42  Nexus  
  16  3:56  Pylon  
  16  4:00  Pylon  
  16  4:27  Photon Cannon  
  16  4:28  Photon Cannon  
  16  4:30  Photon Cannon  
  16  4:38  Probe  
  17  4:50  Probe  
  18  5:03  Protoss Ground Armor Level 1  
  18  5:19  Pylon  
  18  5:23  Pylon  
  18  5:41  Cybernetics Core  
  18  6:01  Zealot  
  20  6:24  Warp Gate  
  20  6:28  Zealot  
  22  6:33  Probe  
  22  6:39  Probe  
  24  6:45  Probe  
  25  6:55  Zealot  
  25  6:57  Probe  
  28  7:09  Probe  
  28  7:12  Protoss Shields Level 1  
  28  7:15  Gateway  
  29  7:22  Probe, Gateway  
  30  7:23  Zealot  
  30  7:25  Gateway  
  32  7:33  Gateway  
  32  7:34  Probe  
  33  7:50  Zealot  
  34  10:07  Assimilator  
  34  10:10  Assimilator  
  34  10:11  Pylon  
  34  10:13  Pylon  
  34  10:38  Pylon  
  34  10:45  Pylon  
  34  10:52  Zealot  
  34  10:55  Zealot x3  
  34  10:56  Zealot  
  34  11:32  Twilight Council  
  34  12:26  Templar Archives  
  34  12:39  Charge  
  34  13:11  Stalker x3  
  34  13:12  Stalker x2  
  44  13:44  Stalker  
  44  13:45  Stalker x2  
  44  13:46  Stalker x2  
  54  14:05  Psionic Storm  
  54  14:15  High Templar  
  54  14:16  High Templar  
  58  14:19  Blink  
  58  14:31  Probe  
  59  14:43  Probe x2  
  61  14:55  Probe x2  
  63  15:07  Probe x2  
  63  15:13  Pylon  
  65  15:16  Pylon  
  65  15:19  Probe, Pylon  
  65  15:20  Probe  
  67  15:32  Probe  
  68  15:58  Nexus  
  68  16:10  Pylon  
  68  16:13  Pylon  
  68  16:15  Pylon  
  68  16:18  Pylon  
  68  16:20  Resonating Glaives  
  68  16:28  Protoss Ground Weapons Level 2  
  68  17:39  Photon Cannon  
  68  17:42  Photon Cannon  
  68  17:43  Photon Cannon  
  68  17:44  Photon Cannon  
  68  17:52  Assimilator  
  68  18:01  Stalker  
  68  18:02  Stalker x4  
  78  18:40  Pylon  
  78  18:43  Pylon  
  78  18:46  Gateway  
  78  18:48  Gateway  
  78  18:54  Gateway  
  78  18:55  Gateway  
  78  18:57  Gateway  
  78  18:58  Gateway  
  78  19:00  Gateway  
  78  19:02  Protoss Ground Armor Level 2  
  78  19:16  Stalker x3  
  78  19:17  Stalker x2  
  88  19:34  Archon  
  88  20:05  High Templar x2  
  92  20:34  Stalker x2  
  92  20:35  Stalker  
  98  21:00  Stalker  
  98  21:01  Stalker  
  98  21:02  Stalker  
  98  21:03  Stalker  
  106  21:35  Protoss Shields Level 2  
  106  22:23  High Templar x2  
  106  22:24  High Templar x2  
  84  24:09  Protoss Ground Weapons Level 3  
  84  25:07  Stalker x2  
  84  25:08  Stalker x4  
  84  25:09  Stalker x6  
  108  25:20  Pylon  
  108  25:22  Pylon  
  108  25:26  Pylon  
  108  25:53  Assimilator  
  108  26:07  High Templar x2  
  108  26:09  High Templar  
  108  26:10  High Templar  
  116  26:22  Archon  
  116  26:27  Archon  
  116  26:35  High Templar  
  118  26:44  High Templar  
  120  26:57  Probe  
  120  27:00  Assimilator  
  121  27:07  Protoss Ground Armor Level 3  
  121  27:09  Probe  
  121  27:10  Archon  
  121  27:15  High Templar  
  124  27:22  Probe  
  105  28:24  Archon  
  105  28:25  Archon  
  87  28:39  Archon  
  87  28:46  High Templar x2  
  87  28:48  High Templar x2  
  93  28:54  High Templar  
  97  29:03  Stalker  
  97  29:04  Stalker x3  
  105  29:13  Probe  
  106  30:14  Archon  
  106  30:36  High Templar x4  
  106  30:38  High Templar  
  116  31:14  Archon  
  116  31:16  Archon  
  116  31:20  High Templar  
  118  31:32  Archon  
  118  31:39  Stalker x4  
  126  31:40  Stalker x3  
  132  31:57  Stalker x3  
  138  32:19  Archon  
  138  32:20  Archon  
  115  32:56  Stalker  
  115  32:57  Stalker x6  
  115  32:58  Stalker x2  
  103  35:40  Probe  
  104  35:52  Probe  
  105  36:04  Probe  
  106  36:17  Probe  
  107  36:29  Probe, Assimilator  
  108  36:34  Assimilator  
  108  36:41  Probe  
  109  36:53  Probe  
  110  37:05  Probe  
  111  37:17  Probe  
  112  37:31  High Templar x2  
  112  37:32  High Templar x3  
  102  37:54  Archon x2  
Tags
 
Matchup
PvZ
Replay Pack
re
Add a new tag
Caveats
  • Supply blocks, unpowered buildings, or Contaminate may cause inaccurate times.
  • Supply counts are checked every 10 seconds.